 Dungeon Crawl Stone Soup version 0.29-a0-824-gd827844252 (webtiles) character file.

Game seed: 12087036486422366887

136 27snakeeyes612 the Trooper (level 5, -8/43 HPs)
             Began as a Barachi Fighter on July 9, 2022.
             Mangled by a gnoll
             ... wielding a +0 halberd
              (10 damage)
             ... on level 3 of the Dungeon.
             The game lasted 00:01:42 (2174 turns).

27snakeeyes612 the Trooper (Barachi Fighter)        Turns: 2174, Time: 00:01:42

Health: -8/43      AC:  7    Str: 19    XL:     5   Next: 19%
Magic:  5/5        EV:  9    Int:  9    God:
Gold:   116        SH:  5    Dex: 11    Spells: 4/4 levels left

rFire   . . .      SeeInvis .   a - +0 war axe (freeze)
rCold   . . .      Faith    .   c - +1 buckler
rNeg    . . .      Spirit   .   b - +0 scale mail
rPois   .          Reflect  .   (no helmet)
rElec   .          Harm     .   (no cloak)
rCorr   .          Rampage  .   (no gloves)
Will    .....                   (no boots)
Stlth   ..........              (no amulet)
HPRegen 0.14/turn               (no ring)
MPRegen 0.09/turn               (no ring)

@: slow
A: amphibious, slowness 1, strong legs 1, +LOS
a: Hop


You were on level 3 of the Dungeon.
You visited 1 branch of the dungeon, and saw 3 of its levels.

You collected 116 gold pieces.

Inventory:

Hand Weapons
 a - a +0 war axe of freezing (weapon)
 l - a +1 flail of protection
Armour
 b - a +0 scale mail (worn)
 c - a +1 buckler (worn)
Jewellery
 f - an amulet of faith
 p - a ring of resist corrosion
Wands
 n - a wand of flame (23)
Scrolls
 e - a scroll of enchant armour
 o - 2 scrolls of identify
 q - a scroll of noise {unknown}
Potions
 d - 3 potions of might
 g - a potion of cancellation {unknown}
 h - a potion of heal wounds
 i - a potion of degeneration
 j - a potion of haste {unknown}
 k - a potion of mutation {unknown}
 m - a potion of curing {unknown}


   Skills:
 + Level 4.6 Fighting
 + Level 3.3 Axes
 + Level 4.6 Armour
 + Level 4.2 Shields


You had 4 spell levels left.
You didn't know any spells.
Your spell library was empty.

Dungeon Overview and Level Annotations

Branches:
Dungeon (3/15)

Altars:
Elyvilon

Shops:
D:2 (


Innate Abilities, Weirdness & Mutations

You are amphibious.
You cover ground slowly.
You can hop short distances.
You have an extended range of vision and can be seen from far away.


Message History

The gnoll hits you from afar with a +0 halberd!
The endoplasm hits you but does no damage.
You barely miss the endoplasm.
The gnoll hits you from afar with a +0 halberd.
* * * LOW HITPOINT WARNING * * *
The endoplasm freezes you.
You are frozen.
* * * LOW HITPOINT WARNING * * *
You hit the endoplasm. You freeze the endoplasm.
The endoplasm is severely wounded.
The gnoll barely misses you. The endoplasm hits you.
* * * LOW HITPOINT WARNING * * *
You feel much better. The gnoll barely misses you. The endoplasm freezes you.
You are frozen.
You hit the endoplasm. You freeze the endoplasm.
You kill the endoplasm!
The gnoll barely misses you.
The gnoll hits you from afar with a +0 halberd!
The gnoll barely misses you.
There is an open door here.
Things that are here:
a +0 dagger; a goblin corpse You barely miss the gnoll.
The gnoll hits you with a +0 halberd.
You closely miss the gnoll.
You are ready to hop once more.
The gnoll hits you with a +0 halberd.
* * * LOW HITPOINT WARNING * * *
The gnoll hits you with a +0 halberd!
* * * LOW HITPOINT WARNING * * *
You slash the gnoll! You freeze the gnoll.
The gnoll is severely wounded.
The gnoll hits you but does no damage.
You hit the gnoll. You freeze the gnoll.
The gnoll is severely wounded.
The gnoll closely misses you. You block the gnoll's attack.
You barely miss the gnoll.
The gnoll is severely wounded.
The gnoll hits you with a +0 halberd!
You die...

#)# #)# ### #.# ..# ##'##
#.# ##...## #.# ##.....##
######.# #
##.......####....).# #
#........g##....⌠..########
+##
+.........@.[....).......).
...
#.........##....>...#######
.. ##.......###........# ..
##.....## ###⌠...⌠## ## ..
##...## ##....# #. .# ##+##
###..# #. .# ##.# ####. §##
#.# #.... §§# #.# #....


You could see a gnoll.

Vanquished Creatures
  Jessica (D:3)
  2 adders (D:2)
  3 gnolls (D:3)
  2 worms (D:3)
  A dart slug (D:2)
  5 bats
  6 endoplasms
  3 giant cockroaches
  4 goblins
  5 hobgoblins
  3 jackals (D:1)
  7 kobolds
  2 quokkas
  5 ball pythons
  3 frilled lizards
  2 rats
54 creatures vanquished.

Vanquished Creatures (others)
  5 plants (D:2)
5 creatures vanquished.

Grand Total: 59 creatures vanquished

Notes
Turn   | Place    | Note
-------+----------+-------------------------------------------
     0 | D:1      | 27snakeeyes612 the Barachi Fighter began the quest for the
                  | Orb.
     0 | D:1      | Reached XP level 1. HP: 18/18 MP: 1/1
   138 | D:1      | Reached XP level 2. HP: 20/25 MP: 2/2
   473 | D:1      | Reached XP level 3. HP: 28/30 MP: 3/3
   866 | D:2      | Found a white marble altar of Elyvilon.
  1085 | D:2      | Found a faded altar of an unknown god.
  1236 | D:2      | Reached XP level 4. HP: 37/37 MP: 4/4
  1241 | D:2      | Found Omuec's Antique Weapon Shoppe.
  1530 | D:3      | Noticed Jessica
  1534 | D:3      | Killed Jessica
  2151 | D:3      | Reached XP level 5. HP: 41/43 MP: 5/5
  2171 | D:3      | HP: 2/43 [gnoll/+0 halberd (9)]
  2174 | D:3      | Mangled by a gnoll

Illustrated notes

Levels and vault maps discovered:
D:1:      lightli_arrival_noodles, layout_rooms, minmay_tromino_i4
D:2:      layout_loops_cross, nicolae_ecumenical_lake_church, basic_altar,
          serial_shops, nicolae_shop_overgrown_old_shop
D:3:      layout_loops_corners, grunt_decor_cap, grunt_ministairs_1,
          minmay_statues_item, dk_noncrumbling_4, st_stairs_10,
          kennysheep_generic_room_15, uniq_jessica, uniq_robin

Skill      XL: |  1  2  3  4 |
---------------+-------------+-----
Fighting       | 4 |  4.6
Armour         | 4 |  4.6
Axes           | 3 |  3.3
Shields        | 4 |  4.2

Action                   |  1- 3 |  4- 6 || total
-------------------------+-------+-------++-------
Melee: War axe           |    97 |    50 ||   147
 Abil: Hop               |       |     1 ||     1
  Use: Scroll            |     3 |     4 ||     7
       Potion            |       |     1 ||     1
Armor: Scale mail        |    56 |    26 ||    82
Dodge: Dodged            |    59 |    29 ||    88
Block: Buckler           |    25 |    14 ||    39

Table legend: (Time is in decaauts)
 A = Elapsed time spent in this place.
 B = Non-inter-level travel time spent in this place.
 C = Inter-level travel time spent in this place.
 D = Time resting spent in this place.
 E = Time spent auto-exploring this place.
 F = Levels seen in this place.
 G = Mean time per level.
                   A        B        C        D        E       F      G
               +--------+--------+--------+--------+--------+-----+--------+
         Total |   2526 |   2423 |    103 |      0 |   2031 |   3 |  842.0 |
       Dungeon |   2526 |   2423 |    103 |      0 |   2031 |   3 |  842.0 |
               +--------+--------+--------+--------+--------+-----+--------+

Top non-repeatable levels by time:
     D:1: 949 daAuts
     D:3: 806 daAuts
     D:2: 770 daAuts
